 Dungeon Crawl Stone Soup version 0.22.1-2-g9c5b331 (webtiles) character file.

10768 Fang the Cleaver (level 11, -10/71 HPs)
             Began as a Gargoyle Berserker on Dec 13, 2018.
             Was a High Priest of Trog.
             Mangled by an orc warlord
             ... wielding a +3 bardiche of protection
             ... summoned by an orange crystal statue
              (24 damage)
             ... on level 2 of the Orcish Mines.
             The game lasted 00:13:13 (11084 turns).

Fang the Cleaver (Gargoyle Berserker)              Turns: 11084, Time: 00:13:14

Health: -10/71     AC: 28    Str: 24    XL:     11   Next: 67%
Magic:  0/11       EV:  8    Int:  8    God:    Trog [*****.]
Gold:   692        SH:  0    Dex:  9    Spells: 10/10 levels left

rFire    . . .     SeeInvis .   x - +2 war axe
rCold    . . .     Gourm    .   (no shield)
rNeg     + . .     Faith    .   y - +4 plate armour
rPois    ∞         Spirit   .   j - +2 hat
rElec    +         Reflect  .   a - scarf {repulsion}
rCorr    +         Harm     .   (no gloves)
MR       .....                  (no boots)
Stlth    ..........             (no amulet)
HPRegen  0.21/turn              t - ring of resist corrosion
MPRegen  0.12/turn              (no ring)

@: confused, repel missiles
A: negative energy resistance 1, electricity resistance, unbreathing,
petrification resistance, rot immunity, AC +8
a: Berserk, Trog's Hand, Brothers in Arms, Renounce Religion


You were on level 2 of the Orcish Mines.
You worshipped Trog.
Trog was extremely pleased with you.
You were not hungry.

You visited 3 branches of the dungeon, and saw 13 of its levels.
You also visited: Sewer.

You collected 692 gold pieces.

Inventory:

Hand Weapons
 x - a +2 war axe (weapon)
Armour
 a - a scarf of repulsion (worn)
 j - a +2 hat (worn)
 y - a +4 plate armour (worn)
Jewellery
 t - a ring of resist corrosion (left hand)
Wands
 k - a wand of random effects (20)
 l - a wand of digging (15)
 p - a wand of iceblast (19)
 q - a wand of paralysis (7)
 u - a wand of disintegration (4)
Scrolls
 b - 3 scrolls of fog
 e - 5 scrolls of identify
 f - 9 scrolls of teleportation
 g - 4 scrolls of blinking
 h - 4 scrolls of magic mapping
 i - 2 scrolls of remove curse
 s - 3 scrolls of fear
Potions
 d - 6 potions of brilliance
 m - 3 potions of might
 n - 2 potions of lignification
 o - a potion of cancellation
 r - 2 potions of ambrosia
 v - 2 potions of heal wounds
 w - 8 potions of curing
 z - 2 potions of haste
Comestibles
 c - 11 rations


   Skills:
 + Level 9.2 Fighting
 + Level 12.2 Axes
 + Level 9.3 Armour
 + Level 4.1 Dodging
 + Level 2.1 Stealth


You had 10 spell levels left.
You didn't know any spells.
Your spell library was empty.

Dungeon Overview and Level Annotations

Branches:
Dungeon (10/15)            Temple (1/1) D:4             Orc (2/2) D:10
   Lair: D:8-11         Elf: Orc:2

Altars:
Dithmenos
Fedhas
Hepliaklqana
Nemelex Xobeh
Okawaru
Ru
Trog
Uskayaw
Vehumet
Wu Jian
Xom
Yredelemnul
Zin
The Shining One

Shops:
D:10 :

Annotations:
Orc:2 2 runed doors, exclusion: 4 orange crystal statues


Innate Abilities, Weirdness & Mutations

You are resistant to torment.
Your stone body is resilient. (AC +8)
You are immune to poison.
You resist negative energy. (rN+)
You are resistant to electric shocks. (rElec)
You can survive without breathing.
You are immune to petrification.
You are immune to rotting.


Message History

The orc wizard's corpse dissolves into shadows!
You miss the orc warrior.
The orc warrior hits you from afar with a glaive!
The orc warrior completely misses you.
The orc wizard gestures wildly while chanting.
The orc wizard blinks!
The orc warrior hits you with a battleaxe!
* * * LOW HITPOINT WARNING * * *
The orange crystal statue fixes its piercing gaze on you.
Something tries to feed on your intellect!
The orange crystal statue fixes its piercing gaze on you.
The orc warrior closely misses you.
You bump into the stone wall.
The orc shouts!
You hear a shout!
The orc wizard casts a spell at you. The magic dart hits you!
The orc wizard mumbles some strange words.
The orc wizard blinks!
The orc warlord hits you from afar with a bardiche of protection!!
You die... ### .. ######### #8..Ooo8# #.#ooo#o# #.oooooo# +ooo[oo@+ #..ooooo#

#.#ooo#o#
.#8..oOo8#
.#########
oo o..
.... ..$.


You could see an orc warlord, 4 orange crystal statues, an orc high priest, 7
orc warriors, 2 ogres, 3 orc priests, 7 orc wizards and 12 orcs.

Vanquished Creatures
  Gastronok (D:8)
  Harold (D:7)
  3 two-headed ogres (D:8)
  A gargoyle (D:10)
  3 kobold demonologists (D:10)
  A queen bee (D:9)
  A troll (D:10)
  A hippogriff (D:8)
  A wyvern (D:8)
  Edmund (D:5)
  4 orc warriors
  4 ice beasts
  A phantom (D:10)
  2 sky beasts
  An ogre (D:9)
  A centaur (D:6)
  10 bullfrogs
  3 scorpions
  26 killer bees
  2 electric eels (D:7)
  A howler monkey (D:6)
  A centaur zombie (D:9)
  3 crimson imps
  6 hounds
  A centaur skeleton (D:8)
  Crazy Yiuf (D:5)
  6 orc priests
  3 jellies
  A bullfrog skeleton (D:2)
  4 iguanas
  2 orc wizards (D:10)
  Ijyb (D:4)
  6 worker ants
  A hound skeleton (D:5)
  3 gnolls (D:6)
  17 adders
  7 river rats (Sewer)
  2 shadow imps
  An ooze (D:2)
  2 adder skeletons
  2 adder zombies
  5 worms
  3 dart slugs
  8 leopard geckos
  32 orcs
  13 ball pythons
  6 giant cockroaches
  7 hobgoblins
  8 jackals
  3 quokkas
  5 bats
  4 frilled lizards
  3 goblins
  2 jackal skeletons
  9 kobolds
  A quokka skeleton (D:7)
  43 rats
291 creatures vanquished.

Vanquished Creatures (collateral kills)
  2 ogres (D:6)
2 creatures vanquished.

Grand Total: 293 creatures vanquished

Notes
Turn   | Place    | Note
-------+----------+-------------------------------------------
     0 | D:1      | Fang the Gargoyle Berserker began the quest for the Orb.
     0 | D:1      | Reached XP level 1. HP: 14/14 MP: 1/1
   389 | D:1      | Reached XP level 2. HP: 19/19 MP: 2/2
   482 | D:1      | Reached skill level 3 in Axes
   933 | D:2      | Reached XP level 3. HP: 21/24 MP: 3/3
   992 | D:2      | Found a glowing silver altar of Zin.
  1087 | D:2      | Reached XP level 4. HP: 16/29 MP: 4/4
  1313 | D:2      | Reached ** piety under Trog
  1475 | D:2      | Noticed a bullfrog
  1490 | D:2      | Killed a bullfrog
  1490 | D:2      | Reached XP level 5. HP: 17/34 MP: 5/5
  1781 | D:2      | Reached skill level 4 in Axes
  1935 | D:3      | Found a faded altar of an unknown god.
  2057 | D:3      | Reached skill level 5 in Fighting
  2065 | D:3      | Reached XP level 6. HP: 25/40 MP: 6/6
  2852 | D:4      | Noticed Ijyb
  2885 | D:4      | Killed Ijyb
  2885 | D:4      | Reached *** piety under Trog
  2992 | D:4      | Found a staircase to the Ecumenical Temple.
  3215 | D:4      | Found a glowing drain.
  3259 | Sewer    | Entered a sewer
  3358 | Sewer    | Reached XP level 7. HP: 31/44 MP: 7/7
  3533 | Sewer    | Reached skill level 5 in Axes
  3858 | Sewer    | Reached **** piety under Trog
  4043 | Temple   | Entered the Ecumenical Temple
  4114 | D:5      | Entered Level 5 of the Dungeon
  4169 | D:5      | Found a runed door.
  4416 | D:5      | Reached XP level 8. HP: 50/51 MP: 8/8
  4475 | D:5      | Reached skill level 6 in Axes
  4502 | D:5      | Found a shadowy altar of Dithmenos.
  4506 | D:5      | Noticed Edmund
  4555 | D:5      | Killed Edmund
  5431 | D:5      | Noticed Crazy Yiuf
  5439 | D:5      | Killed Crazy Yiuf
  5439 | D:5      | Reached skill level 1 in Stealth
  5544 | D:6      | Reached skill level 7 in Axes
  5580 | D:6      | Reached skill level 5 in Armour
  5767 | D:6      | Reached XP level 9. HP: 43/56 MP: 9/9
  6231 | D:6      | Found a glowing golden altar of the Shining One.
  6866 | D:7      | Found a radiant altar of Vehumet.
  6866 | D:7      | Found a sacrificial altar of Ru.
  6895 | D:7      | Noticed Harold
  6910 | D:7      | Killed Harold
  6910 | D:7      | Reached skill level 8 in Axes
  7123 | D:7      | Found an iron altar of Okawaru.
  7584 | D:8      | Reached skill level 9 in Axes
  7598 | D:8      | Received a gift from Trog
  7599 | D:8      | Reached XP level 10. HP: 58/63 MP: 10/10
  7600 | D:8      | Noticed a two-headed ogre
  7616 | D:8      | Killed a two-headed ogre
  7782 | D:8      | Noticed Gastronok
  7794 | D:8      | Reached skill level 10 in Axes
  7815 | D:8      | Killed Gastronok
  7957 | D:8      | Noticed a two-headed ogre
  7968 | D:8      | Killed a two-headed ogre
  8174 | D:8      | Found a sparkling altar of Nemelex Xobeh.
  8190 | D:8      | Reached skill level 11 in Axes
  8196 | D:8      | Reached XP level 11. HP: 69/69 MP: 11/11
  8477 | D:8      | Noticed a hand axe
  8477 | D:8      | Noticed a dagger
  8479 | D:8      | Found a hide-covered altar of Uskayaw.
  8591 | D:8      | Noticed a two-headed ogre
  8602 | D:8      | Killed a two-headed ogre
  8799 | D:8      | Found an ornate altar of the Wu Jian Council.
  8799 | D:8      | Found a shimmering altar of Xom.
  8799 | D:8      | Found a blossoming altar of Fedhas.
  8799 | D:8      | Found a hazy altar of Hepliaklqana.
  8814 | D:8      | Found a bloodstained altar of Trog.
  8819 | D:8      | Found a basalt altar of Yredelemnul.
  9000 | D:9      | HP: 2/71 [killer bee (7)]
  9470 | D:9      | Found a bloodstained altar of Trog.
  9917 | D:10     | Entered Level 10 of the Dungeon
  9935 | D:10     | Reached ***** piety under Trog
 10120 | D:10     | Reached skill level 12 in Axes
 10356 | D:10     | Found a staircase to the Orcish Mines.
 10839 | D:10     | Found Niulishru's Book Boutique.
 10960 | Orc:1    | Entered Level 1 of the Orcish Mines
 11071 | Orc:1    | You fall through a shaft!
 11071 | Orc:2    | Entered Level 2 of the Orcish Mines
 11071 | Orc:2    | Found a runed door.
 11071 | Orc:2    | Found a runed door.
 11071 | Orc:2    | Found the +10 large shield of Ignorance {rN+ Int-4}
 11071 | Orc:2    | Noticed an orange crystal statue
 11071 | Orc:2    | Noticed an orange crystal statue
 11071 | Orc:2    | Noticed an orange crystal statue
 11071 | Orc:2    | Noticed an orange crystal statue
 11071 | Orc:2    | Noticed an orc high priest
 11073 | Orc:2    | Noticed an orc warlord
 11084 | Orc:2    | Mangled by an orc warlord

Skill      XL: |  1  2  3  4  5  6  7  8  9 10 11 |
---------------+----------------------------------+-----
Axes           | 3 4 5 7 9 11 12 | 12.2
Fighting       | 4 5 6 7 8 9 |  9.2
Dodging        | 2 3 4 |  4.1
Armour         | 3 5 6 8 9 |  9.3
Stealth        | 1 2 |  2.1

Action                   |  1- 3 |  4- 6 |  7- 9 | 10-12 || total
-------------------------+-------+-------+-------+-------++-------
Melee: Hand axe          |    76 |   327 |   461 |    85 ||   949
       War axe           |       |       |       |   202 ||   202
Invok: Berserk           |     1 |     2 |     7 |     6 ||    16
       Brothers in Arms  |       |       |     1 |       ||     1
  Use: Scroll            |       |       |    20 |     8 ||    28
       Potion            |       |       |       |     2 ||     2
  Eat: Chunk             |       |    10 |    18 |    12 ||    40
       Ration            |       |       |     1 |     2 ||     3
Armor: Animal skin       |    20 |    35 |       |       ||    55
       Scale mail        |       |   135 |   139 |       ||   274
       Chain mail        |       |       |   161 |    23 ||   184
       Plate armour      |       |       |       |   210 ||   210
Dodge: Dodged            |    40 |   227 |   269 |   143 ||   679
       Deflected         |       |       |       |     2 ||     2
